 Dungeon Crawl Stone Soup version 0.19-a0-1886-gd64a0f0 (webtiles) character file.

499 rocketpapaya the Conjurer (level 6, -1/41 HPs)
             Began as a Demonspawn Conjurer on Oct 15, 2016.
             Was an Initiate of Sif Muna.
             Slain by a wyvern skeleton (3 damage)
             ... on level 5 of the Dungeon.
             The game lasted 00:14:24 (4004 turns).

rocketpapaya the Conjurer (Demonspawn Conjurer)     Turns: 4004, Time: 00:14:25

Health: -1/41      AC:  5    Str:  9    XL:     6   Next: 94%
Magic:  0/11       EV: 12    Int: 18    God:    Sif Muna [......]
Gold:   154        SH:  0    Dex: 15    Spells: 4 memorised, 2 levels left

rFire  . . .     SeeInvis .     l - +2 whip (elec)
rCold  + . .     Gourm    .     z - +1 robe {MR+}
rNeg   . . .     Faith    .     (no shield)
rPois  .         Spirit   +     x - +0 helmet
rElec  .         Dismiss  .     n - +0 cloak
rCorr  .         Reflect  .     (no gloves)
MR     +....     Harm     .     (no boots)
Stlth  ++........               (no amulet)
                                e - ring of protection from cold
                                (no ring)

@: no status effects
A: thin skeletal structure 1, magic shield, magic regeneration
a: Renounce Religion


You were on level 5 of the Dungeon.
You worshipped Sif Muna.
Sif Muna was noncommittal.
You were hungry.

You visited 2 branches of the dungeon, and saw 6 of its levels.

You collected 154 gold pieces.

Inventory:

Hand Weapons
 l - a +2 whip of electrocution (weapon)
Armour
 n - a +0 cloak (worn)
 x - a +0 helmet (worn)
 z - a +1 robe of magic resistance (worn)
Jewellery
 e - a ring of protection from cold (right hand)
Wands
 m - a wand of digging (16/24)
 v - a wand of digging (18/24)
 y - a wand of digging (13/24)
Scrolls
 d - a scroll of blinking
 f - a scroll of enchant weapon {unknown}
 g - 5 scrolls of magic mapping
 h - a scroll of fear
 j - 4 scrolls of identify
 k - a scroll of noise
 o - a scroll of recharging
Potions
 i - a potion of agility
 p - a potion of cancellation {unknown}
 q - 2 potions of brilliance
 w - 2 potions of flight
Books
 b - a book of Conjurations

   Spells                             Type                      Level
   a - Magic Dart                     Conjuration                  1
   b - Searing Ray                    Conjuration                  2
   c - Dazzling Spray                 Conjuration/Hexes            3
   d - Fulminant Prism                Conjuration/Hexes            4
   e - Iskenderun's Mystic Blast      Conjuration                  4
   f - Iskenderun's Battlesphere      Conjuration/Charms           5
Comestibles
 a - 2 slices of pizza
 c - 5 bread rations
 r - a beef jerky
 s - 3 fruits


   Skills:
 - Level 1.7 Dodging
 - Level 1.7 Stealth
 + Level 3.9 Spellcasting
 * Level 6.8 Conjurations
 + Level 2.7 Hexes


You had 2 spell levels left.
You knew the following spells:

 Your Spells              Type           Power        Failure   Level  Hunger
a - Magic Dart            Conj           ####         1%          1    None
b - Searing Ray           Conj           ####..       1%          2    ##.....
c - Dazzling Spray        Conj/Hex       ###...       10%         3    ###....
d - Iskenderun's Mystic   Conj           ####....     12%         4    ####...


Dungeon Overview and Level Annotations

Branches:
Dungeon (5/15)             Temple (1/1) D:5

Altars:
Ashenzari
Cheibriados
Dithmenos
Kikubaaqudgha
Nemelex Xobeh
Okawaru
Qazlal
Sif Muna
Uskayaw
Vehumet
Yredelemnul
Zin
The Shining One

Shops:
D:4 [

Annotations:
D:4 exclusion: statue, Grinder
D:5 exclusion: ice beast


Innate Abilities, Weirdness & Mutations

You have a somewhat thin skeletal structure. (Dex +2, Stealth)
When hurt, damage is shared between your health and your magic reserves.
You regenerate magic rapidly.


Message History

You resist with some effort. The wyvern skeleton bites you!
The orc wizard is no longer blind.
The orc priest shouts!
The orc wizard casts a spell.
The orc wizard blinks!
You hit the wyvern skeleton.
The wyvern skeleton is moderately damaged.
The wyvern skeleton bites you. The wyvern skeleton misses you.
You whack the wyvern skeleton!
The wyvern skeleton is heavily damaged.
The wyvern skeleton bites you!
* * * LOW HITPOINT WARNING * * *
The orc priest mumbles some strange prayers to Beogh against you.
Beogh smites you!
* * * LOW HITPOINT WARNING * * *
You feel better.
The orc priest is no longer blind.
The wyvern skeleton bites you!
* * * LOW HITPOINT WARNING * * *
The wyvern skeleton bites you.
You die...

*,**,#.#....,,,..............
*,**,*....>.,,,..............
*,**,*,#....***#######.######
*,**,*,#....* #.#
*,**,**#...o##########.#####
*,**,**#...o...............#
*,,,,....#.#o#########.....##
****,.,,..,#Z# #..........
****##**#@# #.##....... #.#
#.##....... #.# #.##.....#.
#.# #........#. #.#
####.....#, #.# ###..<#Y
#.###########.#.#.
#..[..............
###########.......


You could see 2 orc priests, an orc wizard and a wyvern skeleton.

Vanquished Creatures
  A phantom (D:4)
  Blork the orc (D:4)
  A crimson imp (D:4)
  An orc priest (D:5)
  2 orc wizards
  Terence (D:3)
  2 worker ants (D:4)
  Robin (D:4)
  3 adders
  2 gnolls (D:1)
  2 worms
  4 leopard geckos
  11 orcs
  6 giant cockroaches
  9 hobgoblins
  3 quokkas
  3 bats
  6 frilled lizards
  10 goblins
  A jackal skeleton (D:4)
  7 kobolds
  A leopard gecko skeleton (D:4)
  8 rats
86 creatures vanquished.

Notes
Turn   | Place    | Note
-------+----------+-------------------------------------------
     0 | D:1      | rocketpapaya the Demonspawn Conjurer began the quest for the Orb.
     0 | D:1      | Reached XP level 1. HP: 13/13 MP: 3/3
   330 | D:1      | Gained mutation: When hurt, damage is shared between your health and your magic reserves. [demonic ancestry]
   330 | D:1      | Reached XP level 2. HP: 19/19 MP: 3/5
   334 | D:1      | Learned a level 2 spell: Searing Ray
   828 | D:1      | Gained mutation: You regenerate magic rapidly. [demonic ancestry]
   828 | D:1      | Reached XP level 3. HP: 7/24 MP: 0/6
  1375 | D:2      | Learned a level 3 spell: Dazzling Spray
  1527 | D:2      | Found a glowing golden altar of the Shining One.
  1527 | D:2      | Found a shattered altar of Ashenzari.
  1527 | D:2      | Found an ancient bone altar of Kikubaaqudgha.
  1778 | D:2      | Reached skill level 5 in Conjurations
  1853 | D:3      | Gained mutation: You have a somewhat thin skeletal structure. (Dex +2, Stealth) [demonic ancestry]
  1853 | D:3      | Reached XP level 4. HP: 30/30 MP: 4/8
  1971 | D:3      | Noticed Terence
  1987 | D:3      | Killed Terence
  2531 | D:4      | Reached skill level 1 in Hexes
  2641 | D:4      | Reached XP level 5. HP: 35/35 MP: 1/9
  2898 | D:4      | Noticed a phantom
  2925 | D:4      | Killed a phantom
  2925 | D:4      | Reached skill level 6 in Conjurations
  2925 | D:4      | Reached XP level 6. HP: 12/41 MP: 2/11
  3235 | D:4      | Found Emeuzomm's Antique Armour Emporium.
  3256 | D:4      | Found a radiant altar of Vehumet.
  3421 | D:4      | Noticed Robin
  3429 | D:4      | Killed Robin
  3443 | D:4      | Learned a level 4 spell: Iskenderun's Mystic Blast
  3481 | D:4      | Noticed Blork the orc
  3487 | D:4      | Killed Blork the orc
  3710 | D:4      | Noticed Grinder
  3782 | D:5      | Entered Level 5 of the Dungeon
  3857 | D:5      | Found a staircase to the Ecumenical Temple.
  3862 | Temple   | Entered the Ecumenical Temple
  3869 | Temple   | Became a worshipper of Sif Muna the Loreminder
  3882 | D:5      | Noticed an ice beast
  4002 | D:5      | HP: 1/41 [orc priest/divine providence (9)]
  4004 | D:5      | Slain by a wyvern skeleton

Vault maps used:
D:1:      tarquinn_simple_flora_water_e
D:2:      gammafunk_temple_overflow_claw
D:3:      first_bread, minmay_lizard_king, uniq_terence
D:4:      vehumet_statue, serial_shops, shop, uniq_blork_the_orc, uniq_grinder,
          uniq_robin
D:5:      lightli_temple_of_fire
Temple:   cyrus_circular_temple

Skill      XL: |  1  2  3  4  5 |
---------------+----------------+-----
Conjurations   | 5 6 |  6.8
Spellcasting   | 3 |  3.9
Hexes          | 1 2 |  2.7
Dodging        | |  1.7
Stealth        | |  1.7

Action                   |  1- 3 |  4- 6 || total
-------------------------+-------+-------++-------
Melee: Unarmed           |     8 |       ||     8
       Spear             |    10 |       ||    10
       Whip              |     1 |    55 ||    56
 Cast: Magic Dart        |    52 |    66 ||   118
       Searing Ray       |     4 |     7 ||    11
       Dazzling Spray    |       |    12 ||    12
  Use: Scroll            |       |    12 ||    12
       Potion            |       |     1 ||     1
 Stab: Sleeping          |     1 |       ||     1
       Invisible         |       |     1 ||     1
  Eat: Chunk             |     3 |     8 ||    11
Armor: Robe              |     4 |    12 ||    16
Dodge: Dodged            |     8 |    30 ||    38
